 Dungeon Crawl Stone Soup version 0.32-a0-607-g64ea0e4219 (webtiles) character file.

Game seed: 17277354203450845456

28121 inmateoo the Impaler (level 13, -10/92 HPs)
             Began as a Coglin Gladiator on Mar 3, 2024.
             Was a Priest of Hepliaklqana.
             Hit by a large rock thrown by a cyclops (36 damage)
             ... on level 13 of the Dungeon.
             The game lasted 00:12:06 (11436 turns).

inmateoo the Impaler (Coglin Gladiator)            Turns: 11436, Time: 00:12:07

Health: -10/92     AC: 14    Str: 22    XL:     13   Next: 36%
Magic:  6/6        EV: 14    Int:  8    God:    Hepliaklqana [***...]
Gold:   1604       SH:  0    Dex: 20    Spells: 12/12 levels left

rFire   + + .        f - +9 demon trident (antimagic) {Anan}
rCold   . . .        y - +3 trident (freeze) {Jinae}
rNeg    . . .        w - +0 ring mail of the Giraffatuar {Dex+4}
rPois   .            c - +0 helmet
rElec   .            q - +2 cloak
rCorr   .            K - +3 pair of gloves of the Avant Garde God {^Contam rF++ Str+3 Stlth+}
SInv    .            (no boots)
Will    .....        (amulet unavailable)
Stlth   ++           (ring unavailable)
HPRegen 0.35/turn    (ring unavailable)
MPRegen 0.10/turn    (no gizmo)

%: no passive effects
@: revving
A: reduced essence, off-hand wielding, slow wielding, warmup strikes, no
jewellery
a: Invent Gizmo, Renounce Religion, Recall Ancestor, Ancestor Identity,
Transference


You were on level 13 of the Dungeon.
You worshipped Hepliaklqana.
Hepliaklqana was most pleased with you.
You visited 2 branches of the dungeon, and saw 14 of its levels.
You also visited: Ossuary.

You collected 1604 gold pieces.

Inventory:

Hand Weapons
 f - a +9 antimagic demon trident (weapon) {Anan}
 y - a +3 trident of freezing (offhand) {Jinae}
Missiles
 d - 15 throwing nets (quivered)
 e - 7 javelins
Armour
 c - a +0 helmet (worn)
 q - a +2 cloak (worn)
 w - the +0 ring mail of the Giraffatuar (worn) {Dex+4}
   (You found it on level 6 of the Dungeon)

   Dex+4:     It affects your dexterity (+4).
 K - the +3 pair of gloves of the Avant Garde God (worn) {^Contam rF++ Str+3 Stlth+}
   (You acquired it on level 10 of the Dungeon)

   Str+3:     It affects your strength (+3).
   rF++:      It greatly protects you from fire.
   ^Contam:   It causes magical contamination when unequipped.
   Stlth+:    It makes you more stealthy.
Wands
 b - a wand of warping (43)
 l - a wand of mindburst (13)
 p - a wand of flame (34)
 s - a wand of paralysis (5)
Scrolls
 a - 5 scrolls of poison
 g - 2 scrolls of teleportation
 h - 3 scrolls of identify
 i - 2 scrolls of immolation
 j - 2 scrolls of enchant weapon
 k - a scroll of brand weapon
 m - 2 scrolls of blinking
 o - 4 scrolls of revelation
 u - 3 scrolls of fog
 E - 3 scrolls of enchant armour
 H - 3 scrolls of torment
 J - a scroll of amnesia
Potions
 n - 2 potions of enlightenment
 r - a potion of attraction
 t - a potion of cancellation
 v - 6 potions of curing
 x - 3 potions of berserk rage
 z - 2 potions of heal wounds
 A - 2 potions of invisibility
 B - 2 potions of brilliance
 C - 2 potions of lignification
 D - a potion of might
 F - 3 potions of mutation
 G - 5 potions of ambrosia


   Skills:
 - Level 10.0 Fighting
 - Level 15.0 Polearms
 - Level 1.7 Throwing
 - Level 5.0 Armour
 - Level 5.0 Dodging
 + Level 8.4 Invocations


You had 12 spell levels left.
You didn't know any spells.
Your spell library contained the following spells:

 Spells                   Type           Power      Damage    Failure   Level
 Magic Dart               Conj           0%         1d3       56%         1
 Searing Ray              Conj           0%         2d4       71%         2
 Static Discharge         Conj/Air       0%         3-3/arc   71%         2
 Sublimation of Blood     Necr           0%         N/A       71%         2
 Dazzling Flash           Conj/Hex       0%         N/A       90%         3
 Mephitic Cloud           Conj/Alch/Air  0%         N/A       90%         3
 Volatile Blastmotes      Fire/Tloc      0%         2d10      90%         3
 Airstrike                Air            0%         2d(0-16)  100%        4
 Fulminant Prism          Conj/Alch      0%         3d5       100%        4
 Iskenderun's Mystic Bla  Conj/Tloc      0%         2d3       100%        4
 Manifold Assault         Tloc           0%         N/A       100%        4
 Petrify                  Alch/Erth      0%         N/A       100%        4
 Summon Lightning Spire   Summ/Air       0%         N/A       100%        4
 Curse of Agony           Necr           0%         N/A       100%        5
 Irradiate                Conj/Alch      0%         3d11      100%        5
 Silence                  Hex/Air        0%         N/A       100%        5
 Dispersal                Tloc           0%         N/A       100%        6
 Disjunction              Tloc           0%         N/A       100%        8


Dungeon Overview and Level Annotations

Branches:
Dungeon (13/15)            Temple (1/1) D:4            Lair (0/5) D:9
    Orc (0/2) D:12        Ossuary (visited)
 Vaults: D:13-14

Altars:
Ashenzari
Cheibriados
Dithmenos
Elyvilon
Fedhas
Gozag
Hepliaklqana
Kikubaaqudgha
Makhleb
Nemelex Xobeh
Okawaru
Qazlal
Ru
Sif Muna
Trog
Uskayaw
Vehumet
Wu Jian
Xom
Yredelemnul
Zin
The Shining One

Shops:
D:6 =


Innate Abilities, Weirdness & Mutations

Your life essence is reduced to manifest your ancestor. (-10% HP)
You can wield a second weapon in your off-hand.
It takes a long time for you to wield or remove held weapons.
Your first few attacks do less damage.
You cannot equip rings or amulets.


Message History

Press: ? - help, Dir - move target, f/p - boulder beetle
Aim: a boulder beetle (lightly wounded, ally target, about 7% to evade your +9 antimagic demon trident)
You hit the boulder beetle with your +3 trident of freezing.
You freeze the boulder beetle.
The boulder beetle is lightly wounded.
You hit the boulder beetle but do no damage.
The boulder beetle bites you but does no damage.
Reach: f) +9 demon trident (antimagic) {Anan}
Press: ? - help, Dir - move target, f/p - boulder beetle
Aim: a boulder beetle (lightly wounded, ally target, about 7% to evade your +9 antimagic demon trident)
You hit the boulder beetle but do no damage.
The boulder beetle is lightly wounded.
You hit the boulder beetle but do no damage.
Amuph hits the boulder beetle but does no damage.
Reach: f) +9 demon trident (antimagic) {Anan}
Press: ? - help, Dir - move target, f/p - boulder beetle
Aim: a boulder beetle (lightly wounded, ally target, about 7% to evade your +9 antimagic demon trident)
You hit the boulder beetle but do no damage.
The boulder beetle is lightly wounded.
You puncture the boulder beetle with your +9 antimagic demon trident!
The boulder beetle closely misses you.
Amuph hits the boulder beetle with a +0 quarterstaff!
Reach: f) +9 demon trident (antimagic) {Anan}
Press: ? - help, Dir - move target, f/p - boulder beetle
Aim: a boulder beetle (severely wounded, ally target, about 7% to evade your +9 antimagic demon trident)
You hit the boulder beetle but do no damage.
The boulder beetle is severely wounded.
You hit the boulder beetle but do no damage.
Reach: f) +9 demon trident (antimagic) {Anan}
Press: ? - help, Dir - move target, f/p - boulder beetle
Aim: a boulder beetle (severely wounded, ally target, about 7% to evade your +9 antimagic demon trident)
You hit the boulder beetle with your +9 antimagic demon trident.
The boulder beetle is severely wounded.
You hit the boulder beetle but do no damage.
The boulder beetle barely misses you.
Amuph gestures at the boulder beetle while chanting.
The puff of frost hits the boulder beetle.
The cyclops throws a large rock.
The large rock hits you!!!
You die...
Hepliaklqana delivers you to your ancestors.

. .....# ..... .. .....
..... #. #C..# .#.
#.###...# . #. #.......#
..## #. #.......# .....#.
#.......# .....##
#.......# .......
#...@R..+ .......
#####B..# .....##
#.......# .....## #
#....)..#######.##...
#.#.#.......##....#.#....
..................#.#....
.##.#...............#....
.......[.................
.#...................)...


You could see the friendly Amuph the battlemage, a boulder beetle (distracted,
ally target) and a cyclops.

Vanquished Creatures
  A hydra (D:13)
  6 centaur warriors
  2 two-headed ogres
  A tengu warrior (D:13)
  2 boulder beetles
  A fire crab (D:9)
  3 cyclopes
  A manticore (D:13)
  2 gargoyles
  A yaktaur (D:11)
  A tengu conjurer (D:13)
  2 trolls
  A queen bee (D:11)
  3 slime creatures (D:12)
  Sigmund (D:4)
  A yak (shapeshifter) (D:11)
  23 yaks
  A wraith (D:11)
  3 wyverns
  A steam dragon (D:8)
  6 vampire mosquitoes
  Menkaure (D:7)
  2 water moccasins
  An acid dragon (D:12)
  2 sky beasts (D:7)
  An ice beast (D:6)
  2 black bears
  An orc warrior (D:11)
  3 ogres (D:12)
  13 centaurs
  A phantom (D:4)
  A kobold brigand (D:7)
  6 bullfrogs
  8 scorpions
  7 gnoll sergeants
  6 wights (D:7)
  47 killer bees
  6 howler monkeys
  3 electric eels (D:10)
  3 human zombies (Ossuary)
  An iron imp (D:9)
  2 jellies
  3 orc priests
  A bombardier beetle (D:5)
  Crazy Yiuf (D:3)
  3 hounds (D:5)
  A gnoll bouda (D:6)
  A sleepcap (D:5)
  Ijyb (D:3)
  6 scorpion zombies (Ossuary)
  Jessica (D:3)
  6 iguanas
  An orc wizard (D:11)
  4 mummies
  Robin (D:1)
  32 gnolls
  12 adders
  5 shadow imps
  3 white imps
  4 adder zombies (Ossuary)
  A dart slug (D:4)
  A ribbon worm (D:5)
  30 orcs
  4 bats
  7 endoplasms
  6 giant cockroaches
  2 gnoll zombies (Ossuary)
  17 goblins
  9 hobgoblins
  2 jackals (D:1)
  4 quokkas
  6 ball pythons
  2 ball python zombies (Ossuary)
  A frilled lizard (D:2)
  2 jackal zombies (Ossuary)
  16 kobolds
  3 orc zombies (Ossuary)
  2 rats
381 creatures vanquished.

Vanquished Creatures (collateral kills)
  A boulder beetle (D:13)
  3 two-headed ogres
  A skeletal warrior (D:11)
  2 trolls
  2 yaks
  A basilisk (D:12)
  4 killer bees
  2 orc wizards (D:8)
  4 gnolls
  4 orcs
24 creatures vanquished.

Vanquished Creatures (others)
  7 battlemagi
7 creatures vanquished.

Grand Total: 412 creatures vanquished

Notes
Turn   | Place    | Note
-------+----------+-------------------------------------------
     0 | D:1      | inmateoo the Coglin Gladiator began the quest for the Orb.
     0 | D:1      | Reached XP level 1. HP: 16/16 MP: 1/1
   201 | D:1      | Reached XP level 2. HP: 22/22 MP: 2/2
   560 | D:1      | Reached skill level 3 in Polearms
   713 | D:2      | Noticed Robin
   782 | D:1      | Killed Robin
   783 | D:1      | Reached XP level 3. HP: 28/28 MP: 3/3
   817 | D:2      | Reached skill level 1 in Armour
   981 | D:2      | Reached XP level 4. HP: 30/34 MP: 4/4
  1481 | D:2      | Found a faded altar of an unknown god.
  1699 | D:3      | Noticed Ijyb
  1709 | D:3      | Killed Ijyb
  1710 | D:3      | Reached XP level 5. HP: 38/40 MP: 5/5
  1817 | D:3      | Noticed Jessica
  1830 | D:3      | Killed Jessica
  1876 | D:3      | Found a glowing golden altar of the Shining One.
  1877 | D:3      | Found a broken altar of Ashenzari.
  1997 | D:3      | Found a runed translucent door.
  1998 | D:3      | Noticed Crazy Yiuf
  2365 | D:3      | Killed Crazy Yiuf
  2366 | D:3      | Reached skill level 4 in Polearms
  2519 | D:4      | Reached XP level 6. HP: 38/47 MP: 6/6
  2697 | D:4      | Found an iron altar of Okawaru.
  2836 | D:4      | Noticed Sigmund
  2848 | D:4      | Killed Sigmund
  2849 | D:4      | Reached XP level 7. HP: 49/53 MP: 7/7
  2949 | D:4      | Reached skill level 5 in Polearms
  2952 | D:4      | Found a staircase to the Ecumenical Temple.
  3419 | Temple   | Entered the Ecumenical Temple
  3447 | D:5      | Entered Level 5 of the Dungeon
  3458 | D:5      | Found a glowing silver altar of Zin.
  3616 | D:4      | Reached XP level 8. HP: 16/60 MP: 8/8
  3830 | D:5      | Found a sand-covered staircase.
  3841 | Ossuary  | Entered an ossuary
  3934 | Ossuary  | Reached skill level 6 in Polearms
  4247 | Ossuary  | Reached skill level 5 in Fighting
  4310 | Ossuary  | Reached skill level 5 in Dodging
  4435 | Ossuary  | Identified a scroll of acquirement
  4435 | Ossuary  | Acquired a +6 antimagic demon trident
  4528 | D:5      | Found a transporter.
  4579 | D:5      | Found a stormy altar of Qazlal.
  4587 | D:5      | Reached skill level 7 in Polearms
  4587 | D:5      | Found a hazy altar of Hepliaklqana.
  4593 | D:5      | Became a worshipper of Hepliaklqana the Forgotten
  4621 | D:5      | Found a transporter.
  4621 | D:5      | Found the +3 Mad Mage's Maulers {Infuse+∞ VampMP -Cast}
  4709 | D:5      | Found a shimmering blue altar of Sif Muna.
  4803 | D:5      | Found a hide-covered altar of Uskayaw.
  4868 | D:5      | Reached XP level 9. HP: 67/68 MP: 3/9
  4876 | D:5      | Found a basalt altar of Yredelemnul.
  4876 | D:5      | Found a sparkling altar of Nemelex Xobeh.
  5006 | D:6      | Identified the +0 ring mail of the Giraffatuar {Dex+4}
  5240 | D:6      | Reached skill level 5 in Armour
  5244 | D:6      | Reached skill level 8 in Polearms
  5467 | D:6      | Found Peerunoo's Jewellery Emporium.
  5537 | D:6      | Reached * piety under Hepliaklqana
  5650 | D:6      | Reached skill level 9 in Polearms
  5885 | D:6      | Acquired 647 gold pieces
  6025 | D:7      | Reached XP level 10. HP: 71/71 MP: 3/10
  6316 | D:7      | Reached skill level 1 in Invocations
  6428 | D:7      | Noticed Menkaure
  6432 | D:7      | Killed Menkaure
  6772 | D:8      | Reached ** piety under Hepliaklqana
  6774 | D:8      | Remembered your ancestor Amuph as a battlemage
  6836 | D:8      | Found a blossoming altar of Fedhas.
  6850 | D:8      | Reached skill level 10 in Polearms
  7429 | D:9      | Noticed a gargoyle
  7432 | D:9      | Killed a gargoyle
  7537 | D:9      | Noticed a two-headed ogre
  7542 | D:9      | Killed a two-headed ogre
  7658 | D:9      | Found a white marble altar of Elyvilon.
  7763 | D:9      | Reached XP level 11. HP: 48/78 MP: 1/13
  7775 | D:9      | Reached skill level 11 in Polearms
  7851 | D:9      | Found an ancient bone altar of Kikubaaqudgha.
  7943 | D:9      | Noticed a fire crab
  7951 | D:9      | Killed a fire crab
  7952 | D:9      | Found a staircase to the Lair.
  7993 | D:9      | Found a burning altar of Makhleb.
  8336 | D:10     | Entered Level 10 of the Dungeon
  8466 | D:10     | Noticed a two-headed ogre
  8469 | D:10     | Killed a two-headed ogre
  8572 | D:10     | Reached skill level 12 in Polearms
  8788 | D:10     | Acquired the +3 pair of gloves of the Avant Garde God
                  | {^Contam rF++ Str+3 Stlth+}
  8895 | D:11     | Noticed a cyclops
  8900 | D:11     | Killed a cyclops
  8918 | D:11     | Reached skill level 5 in Invocations
  8924 | D:11     | Noticed a centaur warrior
  8943 | D:11     | Killed a centaur warrior
  8944 | D:11     | Reached XP level 12. HP: 41/87 MP: 5/15
  9110 | D:11     | Noticed a two-headed ogre
  9115 | D:11     | Killed a two-headed ogre
  9148 | D:11     | Noticed a centaur warrior
  9154 | D:11     | Killed a centaur warrior
  9155 | D:11     | Reached skill level 10 in Fighting
  9303 | D:11     | Reached *** piety under Hepliaklqana
  9448 | D:11     | Reached skill level 13 in Polearms
  9488 | D:11     | Noticed a boulder beetle
  9500 | D:11     | Killed a boulder beetle
  9518 | D:11     | Noticed a two-headed ogre
  9523 | D:11     | Killed a two-headed ogre
 10349 | D:12     | Found a staircase to the Orcish Mines.
 10363 | D:12     | Reached skill level 14 in Polearms
 10707 | D:13     | Noticed a centaur warrior
 10715 | D:13     | Killed a centaur warrior
 10730 | D:13     | Reached XP level 13. HP: 47/92 MP: 6/18
 10871 | D:13     | Identified the +8 orcbow "Akkuon" {heavy, ^Contam rN+++
                  | Int+4}
 11249 | D:13     | Reached skill level 15 in Polearms
 11436 | D:13     | Hit by a large rock thrown by a cyclops

Illustrated notes

Levels and vault maps discovered:
D:1:      lightli_molten_gateway, layout_loops_cross
D:2:      minmay_inner_zag, layout_loops_ring,
          shapermc_ecumenical_altar_mp_highgroup, minmay_split_cup_small,
          uniq_robin
D:3:      cheibrodos_greedy_goblins, layout_rooms,
          mainiacjoe_overflow_divided_tiny, uniq_jessica,
          uniq_crazy_yiuf_cottage, uniq_ijyb
D:4:      layout_cave_pods, kennysheep_okawaru_gauntlet,
          minmay_temple_entry_offerings, eino_tiny_chamber, nicolae_half_adder,
          uniq_sigmund
D:5:      gammafunk_wand_slinger, layout_rooms, zin_academy,
          nicolae_overflow_two_pavilions, minitemple, general_overflow_altar,
          lemuel_doored_altar, gup_ossuary_entry_pyramid
D:6:      layout_loops_ring, serial_shops, shop
D:7:      layout_loops_ring, uniq_menkaure
D:8:      layout_basic, fedhas_altar_3
D:9:      layout_basic, demons_altar, mainiacjoe_overflow_boulevard,
          lemuel_round_altar, minmay_lair_entry_lava, mrwooster_statue_mirror
D:10:     layout_big_octagon
D:11:     layout_roguey, special_room [special_room_bee], kb_rosetta
D:12:     layout_roguey, kennysheep_orc_monster_closet_entryway
D:13:     layout_basic, kennysheep_generic_room_13
Temple:   hellmonk_temple_flake

Skill      XL: |  1  2  3  4  5  6  7  8  9 10 11 12 13 |
---------------+----------------------------------------+-----
Polearms       | 3 4 5 7 9 10 12 14 15 | 15.0
Dodging        | 3 4 5 |  5.0
Armour         | 1 2 3 4 5 |  5.0
Fighting       | 3 4 5 7 8 9 10 | 10.0
Invocations    | 3 5 7 8 |  8.4
Throwing       | |  1.7

Action                     |  1- 3 |  4- 6 |  7- 9 | 10-12 | 13-15 || total
---------------------------+-------+-------+-------+-------+-------++-------
  Melee: Trident           |    59 |   116 |   248 |   299 |    42 ||   764
         Dagger            |     7 |       |       |       |       ||     7
         Spear             |    47 |   111 |   222 |       |       ||   380
         Demon trident     |       |       |   106 |   322 |    43 ||   471
 Invoke: Ancestor Life: Ba |       |       |       |     1 |       ||     1
    Use: Scroll            |       |     5 |    13 |    12 |       ||    30
         Potion            |       |       |     2 |     1 |       ||     3
   Stab: Distracted        |       |     1 |       |     7 |       ||     8
         Confused          |       |       |     3 |       |       ||     3
         Petrifying        |       |       |     2 |       |       ||     2
         Sleeping          |       |       |     2 |     3 |     2 ||     7
 Armour: Plate armour      |    37 |    55 |       |       |       ||    92
         Leather armour    |     3 |     7 |   113 |       |       ||   123
         Skin              |       |       |    17 |       |       ||    17
         Ring mail         |       |       |     8 |   171 |    35 ||   214
  Dodge: Dodged            |    20 |    32 |   152 |   190 |    21 ||   415

Table legend: (Time is in decaauts)
 A = Elapsed time spent in this place.
 B = Non-inter-level travel time spent in this place.
 C = Inter-level travel time spent in this place.
 D = Time resting spent in this place.
 E = Time spent auto-exploring this place.
 F = Levels seen in this place.
 G = Mean time per level.
                   A        B        C        D        E       F      G
               +--------+--------+--------+--------+--------+-----+--------+
         Total |  11285 |  10682 |    603 |   2245 |   6357 |  15 |  752.3 |
       Dungeon |  10626 |  10023 |    603 |   1975 |   6244 |  13 |  817.4 |
        Temple |      6 |      6 |      0 |      0 |      0 |   1 |    6.0 |
       Ossuary |    652 |    652 |      0 |    270 |    113 |   1 |  652.0 |
               +--------+--------+--------+--------+--------+-----+--------+

Top non-repeatable levels by time:
     D:4: 1289 daAuts
    D:11: 1113 daAuts
     D:6: 1055 daAuts
     D:2: 923 daAuts
     D:9: 890 daAuts
    D:12: 834 daAuts
     D:1: 775 daAuts
     D:3: 739 daAuts
     D:7: 706 daAuts
     D:5: 666 daAuts
 Ossuary: 652 daAuts
    D:13: 580 daAuts
     D:8: 579 daAuts
    D:10: 473 daAuts
  Temple: 6 daAuts
